 Dungeon Crawl Stone Soup version 0.28-a0-1518-gbe868bca14 (webtiles) character file.

Game seed: 9040034260032193346

100058 blank1 the Spry (level 16, -8/126 HPs)
             Began as a Djinni Fire Elementalist on Jan 16, 2022.
             Was the Champion of Makhleb.
             Shot with a bolt by Saint Roka (34 damage)
             ... on level 2 of the Orcish Mines.
             The game lasted 02:24:06 (31893 turns).

blank1 the Spry (Djinni Fire Elementalist)         Turns: 31893, Time: 02:24:07

Health: -8/126     AC: 11    Str:  7    XL:     16   Next: 78%
Gold:   2151       EV: 22    Int: 27    God:    Makhleb [******] SH:  0 Dex: 16

rFire   + . .      SeeInvis .   b - staff of air
rCold   + . .      Faith    .   (no shield)
rNeg    . . .      Spirit   .   u - +2 robe {rC+}
rPois   ∞          Reflect  .   I - +1 helmet "Ibifel" {+Inv Will+ Int+4}
rElec   +          Harm     +   h - scarf {harm}
rCorr   .          Rampage  .   A - +0 pair of gloves
Will    ++...                   (boots unavailable)
Stlth   ++++......              K - amulet of regeneration
HPRegen 1.11/turn               s - ring of ice
MPRegen 0.00/turn               G - +4 ring of protection

@: flying
A: sickness immunity, fire resistance 2, cold vulnerability 1, float, innate
caster, hp casting, extra vitality 1
a: Renounce Religion, Evoke Invisibility, Minor Destruction, Lesser Servant of
Makhleb, Major Destruction, Greater Servant of Makhleb


You were on level 2 of the Orcish Mines.
You worshipped Makhleb.
Makhleb was exalted by your worship.
You visited 4 branches of the dungeon, and saw 24 of its levels.

You collected 2151 gold pieces.

Inventory:

Hand Weapons
 k - the +4 war axe of Tender Mercy {flame, Contam Will++ Int+2 Stlth+}
   (You found it on level 4 of the Dungeon)

   It burns those it strikes, dealing additional fire damage.
   Big, fiery blades are also staple armaments of hydra-hunters.
   Int:       It affects your intelligence (+2).
   Contam:    It causes magical contamination when unequipped.
   Will:      It greatly increases your willpower.
   Stlth:     It makes you more stealthy.
 M - the +7 lajatang of Order {silver, rMut}
   (You took it off a spriggan on level 6 of the Lair of Beasts)

   It inflicts extra damage upon those it strikes, and deals substantially
   increased damage to chaotic, mutated and magically transformed beings.
   rMut:      It protects you from mutation.
 N - the +9 war axe "Z" {holy, rElec rPois rF- rN+ Dex+3}
   (You found it on level 6 of the Lair of Beasts)

   It has been blessed by the Shining One to cause great damage to the undead
   and demons.
   Dex:       It affects your dexterity (+3).
   rF:        It makes you vulnerable to fire.
   rElec:     It insulates you from electricity.
   rPois:     It protects you from poison.
   rN:        It protects you from negative energy.
Missiles
 o - 783 stones
Armour
 a - a +0 cloak
 h - a scarf of harm (worn)
 u - a +2 robe of cold resistance (worn)
 A - a +0 pair of gloves (worn)
 I - the +1 helmet "Ibifel" (worn) {+Inv Will+ Int+4}
   (You found it on level 4 of the Lair of Beasts)

   Int:       It affects your intelligence (+4).
   +Inv:      It lets you turn invisible.
   Will:      It increases your willpower.
Magical Staves
 b - a staff of air (weapon)
 C - a staff of cold
 F - a staff of earth
 S - a staff of death
Jewellery
 c - a ring of see invisible
 s - a ring of ice (left hand)
 B - a ring of resist corrosion
 G - a +4 ring of protection (right hand)
 K - an amulet of regeneration (around neck)
 P - an amulet of reflection
Wands
 d - a wand of paralysis (23)
 j - a wand of iceblast (29)
 l - a wand of charming (25)
 p - a wand of mindburst (11)
 v - a wand of digging (4)
 z - a wand of flame (21)
 D - a wand of acid (13)
Scrolls
 f - 2 scrolls of enchant armour
 m - 3 scrolls of fog
 r - 2 scrolls of enchant weapon
 t - 3 scrolls of blinking
 w - a scroll of vulnerability
 y - 6 scrolls of teleportation
 H - a scroll of identify
 L - a scroll of silence
 O - 3 scrolls of magic mapping
 R - a scroll of fear
Potions
 e - 2 potions of berserk rage
 g - 6 potions of heal wounds
 i - 9 potions of curing
 n - 3 potions of might
 q - 8 potions of attraction
 x - 2 potions of lignification
 E - a potion of haste
 J - a potion of cancellation
 Q - a potion of mutation


   Skills:
 - Level 15.0 Fighting
 + Level 17.4 Dodging
 - Level 10.0 Stealth
 + Level 12.3 Spellcasting
 - Level 3.0 Invocations
 - Level 2.0 Evocations


You couldn't memorise any spells.
You knew the following spells:

 Your Spells              Type           Power      Damage    Failure   Level
a - Foxfire               Conj/Fire      100%       2x1d9     1%          1
b - Scorch                Fire           100%       2d10      1%          2
c - Conjure Flame         Conj/Fire      70%        6-21      1%          3
d - Inner Flame           Hex/Fire       70%        N/A       1%          3
e - Flame Wave            Conj/Fire      70%        2d11      1%          4
f - Sandblast             Erth           100%       2d20      1%          1
g - Blink                 Tloc           100%       N/A       1%          2
h - Mephitic Cloud        Conj/Pois/Air  90%        N/A       1%          3
i - Summon Lightning Spi  Summ/Air       90%        N/A       1%          4
j - Alistair's Intoxicat  Tmut/Pois      46%        N/A       1%          5
k - Freezing Cloud        Conj/Ice/Air   56%        6-21      1%          5
l - Starburst             Conj/Fire      35%        6d10      3%          6
Your spell library was empty.

Dungeon Overview and Level Annotations

Branches:
Dungeon (15/15)            Temple (1/1) D:7            Lair (6/6) D:11
  Swamp (0/4) Lair:4       Spider (0/4) Lair:4        Slime (0/5) Lair:5
    Orc (2/2) D:10            Elf (0/3) Orc:2        Vaults (0/5) D:14
 Depths: D:15

Altars:
Ashenzari
Cheibriados
Dithmenos
Elyvilon
Fedhas
Gozag
Hepliaklqana
Kikubaaqudgha
Makhleb
Nemelex Xobeh
Okawaru
Qazlal
Ru
Sif Muna
Trog
Uskayaw
Vehumet
Wu Jian
Xom
Yredelemnul
Zin
The Shining One
Beogh
Jiyva
Lugonu

Shops:
D:1 *   D:5 *   D:9 *   Orc:2 !

Portals:
Abyss: D:7 Lair:6

Annotations:
D:7 2 transporters, bande's ghost, amateur GrFi
D:10 1 runed translucent door, ThrustWizard's ghost, novice DsGl
Lair:2 3 runed translucent doors, Reubyar's ghost, journeyman MiBe; Tuin's ghost, journeyman MiBe
Orc:2 Saint Roka


Innate Abilities, Weirdness & Mutations

You are immune to sickness and miasma.
You are immune to poison.
Your flesh is very heat resistant. (rF++)
You are vulnerable to cold. (rC-)
You float through the air rather than walking.
You learn spells naturally, not from books.
Your magical power is your life essence.
You have superior vitality. (+4 MHP)


Message History

The orc warrior dies!
Makhleb accepts your kill.
Unknown command.
Casting: Freezing Cloud (mildly dangerous; 1% risk of failure)
Confirm with . or Enter, or press ? or * to list all spells.
Aiming: Freezing Cloud (mildly dangerous; 1% risk of failure)
Press: ? - help, Dir - move target You feel a strong surge of power!
Really fire in your lightning spire's direction?
Okay, then.
Casting: Freezing Cloud (mildly dangerous; 1% risk of failure)
Confirm with . or Enter, or press ? or * to list all spells.
Aiming: Freezing Cloud (mildly dangerous; 1% risk of failure)
Press: ? - help, Dir - move target You feel a strong surge of power!
Saint Roka says, "Down here, you're an orc or you're nobody."
Saint Roka shoots a bolt.
The bolt hits you.
The orc shoots a stone.
The stone hits you.
Your lightning spire shoots out a bolt of lightning at the orc!
The bolt of electricity hits the orc!!
The orc dies!
Makhleb accepts your kill. x2
You feel a bit more experienced.
Saint Roka is engulfed in freezing vapours.
Casting: Freezing Cloud (mildly dangerous; 1% risk of failure)
Confirm with . or Enter, or press ? or * to list all spells.
Aiming: Freezing Cloud (mildly dangerous; 1% risk of failure)
Press: ? - help, Dir - move target You feel a strong surge of power!
Unknown command.
Saint Roka invokes the aid of Beogh against you.
Beogh smites you!
* * * LOW HITPOINT WARNING * * *
Saint Roka shoots a bolt.
The bolt hits you!
* * * LOW HITPOINT WARNING * * *
Saint Roka is engulfed in freezing vapours.
Saint Roka roars a battlecry!
Saint Roka is engulfed in freezing vapours.
Saint Roka shoots a bolt.
The bolt hits you!!
You die...

...#.....§§§...........
.......#.o§§§........#
.......###§§........#
.$...#####.§§.......##
..... #.........##.##
...## ###.......##...#
.. #.#...........##
###.............##
##........#@......#
#..........#.......#
#####..<...#.#.........
#..#........##.........
###........####........
##..........#.......#
##................#
#..............###
##.......)))..#


You could see Saint Roka.

Vanquished Creatures
  Rupert (Lair:3)
  An orc warlord (Orc:1)
  Fannar (Lair:2)
  Erolcha (D:10)
  An ice dragon (D:10)
  2 boulder beetles
  10 hydras
  A vault guard (D:14)
  A death knight (D:14)
  2 centaur warriors
  3 two-headed ogres
  A catoblepas (D:14)
  An anaconda (Lair:4)
  10 death yaks
  2 tengu warriors (D:14)
  3 thrashing horrors (Lair:6)
  2 bog bodies (Lair:4)
  4 orc knights
  8 ugly things
  A deep elf pyromancer (D:15)
  4 manticores
  2 orc sorcerers (Orc:1)
  An elephant (Lair:3)
  Maurice (D:8)
  2 cyclopes
  2 smoke demons (Lair:6)
  8 black mambas
  7 cane toads
  2 gargoyles
  A torpor snail (Lair:3)
  A freezing wraith (D:12)
  6 rime drakes
  A kobold demonologist (D:12)
  4 komodo dragons
  An efreet (D:14)
  2 ancient zymes (Lair:6)
  A hornet (D:9)
  A queen bee (shapeshifter) (D:14)
  5 trolls
  17 slime creatures
  12 blink frogs
  4 dream sheep
  2 large abominations (Lair:6)
  A centaur simulacrum (D:14)
  A shadow (D:13)
  2 spriggans (Lair:6)
  6 wyverns
  2 ynoxinuls (Lair:6)
  A wraith (Lair:4)
  48 yaks
  4 basilisks
  A vampire mosquito (D:14)
  An acid dragon (D:9)
  2 swamp worms (Lair:4)
  2 small abominations (Lair:6)
  14 water moccasins
  16 orc warriors
  A sky beast (D:8)
  3 black bears
  6 ogres
  3 wolves (Lair:6)
  12 centaurs
  4 boggarts
  A kobold brigand (D:9)
  2 phantoms (D:5)
  7 bullfrogs
  A gnoll sergeant (D:6)
  A wyvern zombie (D:7)
  A scorpion (D:4)
  A hornet simulacrum (D:14)
  2 wyvern skeletons (D:7)
  A water moccasin skeleton (D:5)
  3 killer bees (D:7)
  4 wights (D:6)
  2 electric eels
  3 howler monkeys (D:9)
  3 centaur zombies
  6 hounds
  3 jellies
  A gnoll shaman (Orc:2)
  5 orc priests
  Jessica (D:3)
  2 iguanas
  Natasha (thrice) (D:2)
  7 orc wizards
  Ijyb (D:3)
  A killer bee zombie (D:8)
  A howler monkey zombie (D:8)
  14 gnolls
  13 adders
  A shadow imp (D:5)
  2 white imps
  3 ufetubi
  An adder zombie (D:5)
  2 worms
  2 adder skeletons (D:4)
  A dart slug (D:2)
  36 orcs
  13 endoplasms
  6 giant cockroaches
  11 hobgoblins
  A jackal (D:2)
  2 quokkas
  8 ball pythons
  6 bats
  4 frilled lizards
  9 goblins
  9 kobolds
  8 rats
  2 foxfires (Orc:1)
490 creatures vanquished.

Vanquished Creatures (collateral kills)
  2 orc warlords (Orc:1)
  Josephine (Lair:4)
  3 hydras
  A catoblepas (Lair:5)
  A centaur warrior (D:13)
  A two-headed ogre (D:9)
  5 death yaks
  A thrashing horror (Lair:6)
  An orc sorcerer (Orc:1)
  2 black mambas
  A torpor snail (Lair:6)
  A smoke demon (Lair:6)
  5 cane toads
  An efreet (D:13)
  3 rime drakes
  A freezing wraith (D:14)
  8 komodo dragons
  A polar bear (Lair:4)
  A troll (Orc:2)
  A tarantella (Lair:4)
  10 blink frogs
  4 dream sheep
  3 slime creatures (D:12)
  3 wraiths
  16 yaks
  3 wyverns
  A golden eye (shapeshifter) (Lair:6)
  6 basilisks
  A chaos spawn (Lair:6)
  2 swamp worms (Lair:4)
  A warg (Orc:1)
  2 acid dragons
  5 water moccasins
  9 orc warriors
  2 wolves (Lair:6)
  7 centaurs
  3 ogres (Orc:1)
  A kobold brigand (D:10)
  4 bullfrogs
  9 killer bees (D:7)
  2 howler monkeys (D:10)
  8 small abominations (Lair:6)
  2 orc priests
  3 orc wizards
  2 gnolls (D:6)
  An adder (D:9)
  A shadow imp (D:6)
  An ufetubus (D:6)
  25 orcs
  6 kobolds
  3 foxfires (Orc:1)
187 creatures vanquished.

Vanquished Creatures (others)
  A boulder beetle (D:14)
  2 bushes
  731 foxfires
  28 fungi
  47 plants
  3 withered plants (Lair:2)
812 creatures vanquished.

Grand Total: 1489 creatures vanquished

Notes
Turn   | Place    | Note
-------+----------+-------------------------------------------
     0 | D:1      | blank1 the Djinni Fire Elementalist began the quest for the
                  | Orb.
     0 | D:1      | Reached XP level 1. HP: 15/15 MP: 0/0
   300 | D:1      | Reached XP level 2. HP: 20/22 MP: 0/0
   893 | D:1      | Reached skill level 1 in Fighting
   893 | D:1      | Reached XP level 3. HP: 25/27 MP: 0/0
   893 | D:1      | Learned a level 1 spell: Sandblast
  1029 | D:1      | Reached skill level 3 in Dodging
  1337 | D:1      | Found a faded altar of an unknown god.
  1538 | D:1      | Found Ischiqeh's Assorted Antiques.
  1792 | D:2      | Noticed Natasha
  1793 | D:2      | Reached XP level 4. HP: 29/32 MP: 0/0
  1801 | D:2      | Killed Natasha
  2307 | D:2      | Reached XP level 5. HP: 34/38 MP: 0/0
  2307 | D:2      | Learned a level 2 spell: Blink
  2549 | D:2      | Noticed Natasha
  2555 | D:2      | Killed Natasha
  2556 | D:2      | Reached skill level 4 in Dodging
  2852 | D:2      | Noticed Natasha
  2856 | D:2      | Killed Natasha
  3236 | D:2      | Reached XP level 6. HP: 36/43 MP: 0/0
  3599 | D:3      | Noticed Ijyb
  3605 | D:3      | Killed Ijyb
  3802 | D:3      | Noticed Jessica
  3805 | D:3      | Killed Jessica
  4713 | D:4      | Reached skill level 5 in Dodging
  4713 | D:4      | Reached XP level 7. HP: 32/49 MP: 0/0
  4713 | D:4      | Learned a level 3 spell: Mephitic Cloud
  5196 | D:4      | Identified the +4 war axe of Tender Mercy {flame, Contam
                  | Will++ Int+2 Stlth+}
  5426 | D:5      | Entered Level 5 of the Dungeon
  5728 | D:5      | Found a broken altar of Ashenzari.
  5837 | D:5      | Found an ornate altar of the Wu Jian Council.
  5854 | D:5      | Reached skill level 6 in Dodging
  5866 | D:5      | Reached XP level 8. HP: 39/56 MP: 0/0
  6092 | D:5      | Found Atetaw's Gadget Gallery.
  6166 | D:5      | Reached skill level 5 in Spellcasting
  6896 | D:6      | Reached XP level 9. HP: 38/62 MP: 0/0
  6896 | D:6      | Learned a level 4 spell: Summon Lightning Spire
  7086 | D:6      | Reached skill level 5 in Fighting
  8750 | D:7      | Found a one-way gate to the infinite horrors of the Abyss.
  8750 | D:7      | Noticed bande's ghost (amateur GrFi)
  8888 | D:7      | Found a transporter.
  8896 | D:7      | Noticed a brown ugly thing
  8957 | D:7      | Found a transporter.
  8970 | D:7      | Found a staircase to the Ecumenical Temple.
  9017 | Temple   | Entered the Ecumenical Temple
  9464 | Temple   | Became a worshipper of Makhleb the Destroyer
  9893 | D:8      | Noticed Maurice
  9897 | D:8      | Reached XP level 10. HP: 68/73 MP: 0/0
  9910 | D:8      | Killed Maurice
  9911 | D:8      | Reached skill level 7 in Dodging
  9913 | D:8      | Reached skill level 8 in Dodging
  9995 | D:8      | Identified the +0 scale mail of Eternal Vigilance {rF+
                  | Str+4}
 11765 | D:9      | Noticed a two-headed ogre
 11770 | D:9      | Killed a two-headed ogre
 11770 | D:9      | Reached * piety under Makhleb
 11892 | D:9      | Found Vurphesawn's Serpentskin Sales.
 11969 | D:9      | Reached XP level 11. HP: 62/81 MP: 0/0
 11969 | D:9      | Learned a level 5 spell: Alistair's Intoxication
 12158 | D:9      | Noticed a seven-headed hydra
 12166 | D:9      | HP: 3/81 [seven-headed hydra (12)]
 12574 | D:9      | Killed a seven-headed hydra
 12631 | D:10     | Entered Level 10 of the Dungeon
 12632 | D:10     | Noticed Erolcha
 12637 | D:10     | Killed Erolcha
 12638 | D:10     | Reached skill level 9 in Dodging
 12863 | D:10     | Noticed a two-headed ogre
 12875 | D:9      | Killed a two-headed ogre
 13226 | D:10     | Reached skill level 5 in Stealth
 13489 | D:10     | Reached ** piety under Makhleb
 13572 | D:10     | Found a staircase to the Orcish Mines.
 13805 | D:10     | Noticed a two-headed ogre
 14389 | D:10     | Found a runed translucent door.
 14389 | D:10     | Found a shimmering altar of Xom.
 14389 | D:10     | Noticed ThrustWizard's ghost (novice DsGl)
 14391 | D:10     | Noticed a +1 quarterstaff of chaos
 14445 | D:10     | Noticed an ice dragon
 14923 | D:10     | Killed a two-headed ogre
 14924 | D:10     | Reached skill level 10 in Dodging
 15103 | D:10     | Killed an ice dragon
 15290 | D:10     | Identified the +7 scimitar "Qoty" {freeze, rPois Int+2}
 15681 | D:11     | Reached XP level 12. HP: 56/90 MP: 0/0
 16300 | D:11     | Reached skill level 10 in Fighting
 16421 | D:11     | Found a staircase to the Lair.
 16880 | Lair:1   | Entered Level 1 of the Lair of Beasts
 17068 | Lair:1   | You are sucked into a shaft and drop 1 floor!
 17072 | Lair:2   | Reached skill level 10 in Spellcasting
 17109 | Lair:2   | Noticed a four-headed hydra
 17117 | Lair:2   | Killed a four-headed hydra
 17860 | D:11     | Reached skill level 11 in Dodging
 17863 | D:11     | Reached *** piety under Makhleb
 18388 | Lair:1   | Reached skill level 1 in Invocations
 18569 | Lair:1   | Reached skill level 1 in Evocations
 19075 | Lair:2   | Noticed a death yak
 19075 | Lair:2   | Noticed a death yak
 19075 | Lair:2   | Noticed a death yak
 19075 | Lair:2   | Noticed a death yak
 19075 | Lair:2   | Noticed a death yak
 19075 | Lair:2   | Noticed a death yak
 19075 | Lair:2   | Found a runed translucent gate.
 19204 | Lair:2   | Noticed a four-headed hydra
 19214 | Lair:2   | Killed a four-headed hydra
 19215 | Lair:2   | Reached XP level 13. HP: 44/99 MP: 0/0
 19215 | Lair:2   | Learned a level 5 spell: Freezing Cloud
 19215 | Lair:2   | Noticed a five-headed hydra
 19453 | Lair:1   | Killed a five-headed hydra
 19696 | Lair:2   | Noticed Fannar
 19712 | Lair:2   | Killed Fannar
 20206 | Lair:2   | Found a runed translucent gate.
 20206 | Lair:2   | Found a runed translucent gate.
 20206 | Lair:2   | Noticed Tuin's ghost (journeyman MiBe)
 20219 | Lair:2   | Reached skill level 12 in Dodging
 20299 | Lair:2   | Reached skill level 13 in Dodging
 20603 | Lair:2   | Noticed Reubyar's ghost (journeyman MiBe)
 20675 | Lair:3   | Noticed Rupert
 20684 | Lair:3   | Killed Rupert
 20871 | Lair:3   | Noticed an eight-headed hydra
 20878 | Lair:3   | Killed an eight-headed hydra
 21337 | Lair:3   | Reached skill level 14 in Dodging
 21927 | Lair:3   | Reached XP level 14. HP: 88/108 MP: 0/0
 22425 | Lair:4   | Reached **** piety under Makhleb
 22820 | Lair:4   | Found a hole to the Spider Nest.
 23044 | Lair:4   | Found a staircase to the Swamp.
 23215 | Lair:4   | Identified the +1 helmet "Ibifel" {+Inv Will+ Int+4}
 23456 | Lair:5   | Noticed Josephine
 23655 | Lair:4   | Killed Josephine
 23942 | Lair:5   | Identified the +7 glaive "Berrisux" {freeze, rF+ rC- rN+
                  | SInv}
 24223 | Lair:5   | Found a staircase to the Slime Pits.
 24224 | Lair:5   | Found a viscous altar of Jiyva.
 24770 | Lair:5   | Reached ***** piety under Makhleb
 24827 | Lair:6   | Entered Level 6 of the Lair of Beasts
 24953 | Lair:6   | Reached skill level 10 in Stealth
 24965 | Lair:6   | Reached XP level 15. HP: 109/114 MP: 0/0
 24965 | Lair:6   | Learned a level 6 spell: Starburst
 26012 | Lair:6   | Found a corrupted altar of Lugonu.
 26322 | Lair:6   | Identified the +9 war axe "Z" {holy, rElec rPois rF- rN+
                  | Dex+3}
 26788 | D:12     | Reached skill level 15 in Dodging
 27161 | D:12     | Reached ****** piety under Makhleb
 28120 | D:13     | Reached XP level 16. HP: 123/123 MP: 0/0
 28207 | D:13     | Reached skill level 16 in Dodging
 29161 | D:14     | Found a gate to the Vaults.
 29458 | D:14     | Upgraded the game from 0.28-a0-1510-gd0f6b136d3 to
                  | 0.28-a0-1518-gbe868bca14
 29462 | D:14     | Reached skill level 15 in Fighting
 29587 | D:14     | Found a glowing golden altar of the Shining One.
 29828 | D:15     | Entered Level 15 of the Dungeon
 30902 | Orc:1    | Entered Level 1 of the Orcish Mines
 31118 | Orc:1    | Reached skill level 17 in Dodging
 31303 | Orc:1    | Identified the +0 plate armour of Lightning Storm {+Inv
                  | Int+2}
 31598 | Orc:2    | Entered Level 2 of the Orcish Mines
 31598 | Orc:2    | Found a staircase to the Elven Halls.
 31707 | Orc:2    | Found Rojiafe's Distillery.
 31865 | Orc:2    | Noticed Saint Roka
 31893 | Orc:2    | Shot with a bolt by Saint Roka

Illustrated notes

Levels and vault maps discovered:
D:1:      dpeg_arrival_arbitrary_b, layout_basic, serial_shops,
          nicolae_shop_behind_doors, hellmonk_ecumenical_altar_lost_god,
          minmay_misc_feat_nine_boxes, hangedman_abyss_or_decor_stabs,
          minmay_misc_feat_plants
D:2:      minmay_razor_zed, layout_loops_cross, minmay_misc_feat_more_columns,
          skrybe_limestone_x, uniq_natasha
D:3:      layout_basic, serial_bayou, serial_bayou_shore_a,
          serial_bayou_crossing, serial_bayou_lagoon_a, serial_bayou_pond_d,
          uniq_jessica, uniq_ijyb
D:4:      layout_rooms
D:5:      layout_basic, mainiacjoe_overflow_catwalk_spiral, nicolae_shop_gadgets
D:6:      layout_loops_ring
D:7:      layout_basic, minmay_temple_entry_antechambers,
          gammafunk_ghost_abyssal_escape
D:8:      layout_basic, kennysheep_generic_room_3, uniq_maurice
D:9:      layout_roguey, serial_glass, glass_columns_b, glass_columns_c,
          guppyfry_shop_venom
D:10:     dragon1_lemuel, layout_loops_ring, david_orc_5, ebering_ghost_xom,
          bh_walls_and_bars, uniq_erolcha
D:11:     layout_roguey, lair_entry_dummy
D:12:     layout_irregular_city
D:13:     layout_basic
D:14:     layout_loops_corners, david_vaults_5, tso_altar
D:15:     grunt_enter_depths_hoard, layout_basic,
          minmay_fractal_squares_gapless_5
Temple:   mainiacjoe_temple_big_plus
Lair:1:   layout_regular_city, lemuel_fruit_tree, infiniplex_staircase_pool_2,
          grunt_megastairs_1
Lair:2:   layout_gridlike, gammafunk_ghost_cemetery,
          chequers_serial_rivers_marsh, st_stairs_13, uniq_fannar
Lair:3:   nzn_winding_woodlands_three_and_one
          [nzn_winding_woodlands_5x15_default,
          nzn_winding_woodlands_5x15_river_crossing,
          nzn_winding_woodlands_5x15_jagged,
          nzn_winding_woodlands_center_garden], layout_gridlike, uniq_rupert
Lair:4:   beast_lair_carwin_large_4, layout_loops_ring,
          nicolae_swamp_entry_splash_gauntlet, spider_nest_entry_rubble,
          serial_bayou_shore_b, lemuel_fruit_fields
Lair:5:   layout_cave_pods, slime_altar_1, grunt_megastairs_2, uniq_josephine
Lair:6:   hellmonk_lair_end_abyssal_woods, layout_gridlike, grunt_megastairs_3,
          lemuel_fruit_fields
Orc:1:    layout_caves, minmay_orc_treasury
Orc:2:    pf_orc_diabolical, layout_diamond_mine, serial_shops,
          nicolae_shop_advertising_works [nicolae_subvault_shop_adworks],
          rock_pile, uniq_saint_roka

Skill      XL: |  1  2  3  4  5  6  7  8  9 10 11 12 13 14 15 16 |
---------------+-------------------------------------------------+-----
Fighting       | 1 2 3 4 6 8 9 11 12 13 14 15 | 15.0
Stealth        | 2 3 4 6 10 | 10.0
Dodging        | 3 4 5 6 8 10 11 14 15 17 | 17.4
Spellcasting   | 3 4 6 7 8 9 10 11 12 | 12.3
Invocations    | 2 3 |  3.0
Evocations     | 2 |  2.0

Action                   |  1- 3 |  4- 6 |  7- 9 | 10-12 | 13-15 | 16-18 || total
-------------------------+-------+-------+-------+-------+-------+-------++-------
Melee: Dagger            |     7 |    10 |     7 |       |       |       ||    24
       War axe           |       |       |     4 |     6 |     1 |       ||    11
       Staff             |       |       |       |       |     2 |       ||     2
 Cast: Foxfire           |    49 |    74 |   115 |    85 |    52 |    48 ||   423
       Scorch            |     2 |    37 |    83 |   121 |   165 |    45 ||   453
       Conjure Flame     |       |       |    11 |     8 |       |       ||    19
       Summon Lightning  |       |       |    16 |    60 |   118 |    38 ||   232
       Blink             |       |       |     4 |     7 |     9 |     4 ||    24
       Mephitic Cloud    |       |       |       |    16 |    18 |     4 ||    38
       Flame Wave        |       |       |       |     5 |       |       ||     5
       Alistair's Intoxi |       |       |       |     2 |     2 |     3 ||     7
       Sandblast         |       |       |       |     5 |     2 |     1 ||     8
       Freezing Cloud    |       |       |       |       |   102 |    35 ||   137
       Starburst         |       |       |       |       |    38 |    57 ||    95
  Use: Scroll            |       |       |     6 |    11 |     8 |     3 ||    28
       Potion            |       |       |       |       |     1 |       ||     1
 Stab: Sleeping          |     2 |     7 |       |     4 |       |       ||    13
       Confused          |       |       |       |     2 |       |       ||     2
Armor: Robe              |    10 |     3 |     1 |    12 |    39 |     7 ||    72
Dodge: Dodged            |    19 |    15 |    19 |    89 |   171 |    60 ||   373

Table legend: (Time is in decaauts)
 A = Elapsed time spent in this place.
 B = Non-inter-level travel time spent in this place.
 C = Inter-level travel time spent in this place.
 D = Time resting spent in this place.
 E = Time spent auto-exploring this place.
 F = Levels seen in this place.
 G = Mean time per level.
                   A        B        C        D        E       F      G
               +--------+--------+--------+--------+--------+-----+--------+
         Total |  31965 |  30170 |   1795 |   5860 |  17848 |  24 | 1331.9 |
       Dungeon |  22014 |  20793 |   1221 |   4490 |  12746 |  15 | 1467.6 |
        Temple |    485 |    381 |    104 |      0 |    375 |   1 |  485.0 |
          Lair |   8474 |   8058 |    416 |   1280 |   4279 |   6 | 1412.3 |
  Orcish Mines |    991 |    938 |     53 |     90 |    448 |   2 |  495.5 |
               +--------+--------+--------+--------+--------+-----+--------+

Top non-repeatable levels by time:
    D:10: 2691 daAuts
    D:11: 2206 daAuts
     D:1: 1990 daAuts
     D:9: 1753 daAuts
  Lair:1: 1736 daAuts
     D:8: 1613 daAuts
     D:2: 1608 daAuts
  Lair:4: 1590 daAuts
  Lair:6: 1585 daAuts
     D:6: 1471 daAuts
  Lair:3: 1424 daAuts
     D:7: 1417 daAuts
    D:14: 1311 daAuts
    D:12: 1130 daAuts
     D:3: 1095 daAuts
